 Zot Defence DCSS version 0.15.2 (webtiles) character file.

25229 Deathtrap2010 the Nimble (level 12, -3/100 (123) HPs)
             Began as a Troll Fighter on Apr 23, 2017.
             Was an Elder of Jiyva.
             Slain by an ogre
             ... wielding a +0 giant club
             ... led by an ogre mage
              (15 damage)
             ... in the Realm of Zot (Scenario I: Hall of Zot).
             The game lasted 00:45:24 (2522 turns).

Deathtrap2010 the Nimble (Troll Fighter)            Turns: 2522, Time: 00:45:24

HP  -3/100 (123) AC  5     Str 31      XL: 12   Next: 87%
MP   4/5         EV 14     Int  4      God: Jiyva [****..]
Gold 0           SH  0     Dex  9      Spells:  0 memorised, 11 levels left

rFire  . . .     SeeInvis .       - Unarmed
rCold  . . .     Clarity  .     b - +0 robe
rNeg   . . .     rCorr    +     (shield restricted)
rPois  .         rRot     .     (helmet restricted)
rElec  .         Spirit   .     (no cloak)
SustAb .         Warding  .     (gloves unavailable)
rMut   .         Stasis   .     (boots unavailable)
Gourm  +                        (no amulet)
MR     .....                    (no ring)
                                (no ring)

@: not resistant to hostile enchantments, very unstealthy
A: unfitting armour, claws 3, fast metabolism 3, gourmand, regeneration 2,
saprovore 2, shaggy fur 1, tough skin 2
a: Make oklob sapling, Make arrow trap, Make plant, Remove Curse, Make burning
bush, Make altar, Make grenades, Make oklob plant, Make net trap, Make ice
statue, Make spear trap, Make alarm trap, Make mushroom circle, Request Jelly,
Jelly Paralyse, Slimify, Renounce Religion


You were in the Realm of Zot.
You worshipped Jiyva.
Jiyva was greatly pleased with you.
You were not hungry.

You visited 1 branch

Inventory:

Missiles
 c - 3 stones (quivered)
Armour
 b - a +0 robe (worn)
Comestibles
 d - 2 meat rations
Scrolls
 j - a scroll of blinking
Potions
 a - a potion of curing
 h - 2 potions of magic


   Skills:
 * Level 9.0 Fighting
 * Level 6.1 Throwing
 * Level 13.0 Dodging
   Level 2.4 Shields
 * Level 10.1 Unarmed Combat


You had 11 spell levels left.
You didn't know any spells.

Dungeon Overview and Level Annotations

Branches:
    Zot (1/1)

Altars:
The Shining One
Jiyva


Innate Abilities, Weirdness & Mutations

You are too large for most types of armour.
You have claws for hands.
Your metabolism is lightning-fast.
You like to eat raw meat.
You heal very quickly.
You can eat rotten meat.
You are covered in fur (AC +1).
You have very tough skin (AC +2).


Message History

The two-headed ogre writhes in agony as its flesh is eaten away!
Your ice beast hits the two-headed ogre.
The two-headed ogre dies!
The jelly hits your ice statue but does no damage.
The jelly hits your burning bush but does no damage.
The jelly hits something.
Your Fighting skill increases to level 9!
You feel a bit more experienced.
The jelly looks stronger.
The jelly hits your ice statue but does no damage.
The jelly hits your burning bush but does no damage. x2
There is a spear trap here.
You see here a giant spiked club.
Unknown command.
Unknown command.
Unknown command.
You barely miss the ogre.
The jelly hits your oklob plant but does no damage.
The ogre hits you with a giant club!
You die...

##### ############# ####
####........ ...###
###........... .....##
##............. ......# ▓▓▓▓▓▓▓▓▓
#..............
......▓▓▓P8PP.8P▓▓▓..............
......▓▓.....Y...▓▓..............
.....(▓^^....JJ.^^▓.P............
......^OJ.._YYJJ@O(..............
......▓^^..._YJJ^^▓.P............
......▓▓..JJJJJJ.▓▓..............
......▓▓▓P8PPP8P▓▓▓..............
......▓ ▓▓▓▓▓▓▓▓▓ ▓..............
.....▓▓ ▓▓............. ...▓▓▓
▓▓▓........... ▓▓▓▓ ▓▓▓▓........
▓▓▓▓ ▓▓▓▓▓▓▓▓▓▓▓▓


You could see an ogre, 13 neutral jellies (fellow slime), 4 friendly ice
statues, 3 friendly oklob plants, 2 friendly burning bushes, 4 friendly ice
beasts and 4 friendly oklob saplings.

Vanquished Creatures
  An orc knight (Zot)
  A deep elf mage (Zot)
  A hell hound (Zot)
  A black bear (Zot)
  A phantom (Zot)
  A giant frog (Zot)
  A quasit (Zot)
  A worm (Zot)
  4 oozes (Zot)
  An orc (Zot)
  2 ball pythons (Zot)
  A giant cockroach (Zot)
  A gnoll zombie (Zot)
  2 hobgoblins (Zot)
  5 kobolds (Zot)
  5 bats (Zot)
  2 giant newts (Zot)
  7 goblins (Zot)
  3 jackals (Zot)
  6 rats (Zot)
47 creatures vanquished.

Vanquished Creatures (collateral kills)
  2 very ugly things (Zot)
  A ghost crab (shapeshifter) (Zot)
  2 hill giants (Zot)
  3 wolf spiders (Zot)
  6 ugly things (Zot)
  5 yaktaurs (Zot)
  A deep elf priest (Zot)
  A troll (Zot)
  2 two-headed ogres (Zot)
  A wind drake (Zot)
  Prince Ribbit (Zot)
  2 deep elf magi (Zot)
  23 slime creatures (Zot)
  4 vampires (Zot)
  4 wyverns (Zot)
  5 yaks (Zot)
  2 deep elf fighters (Zot)
  Edmund (Zot)
  2 sky beasts (Zot)
  A naga (Zot)
  2 water moccasins (Zot)
  2 black bears (Zot)
  An orc warrior (Zot)
  6 phantoms (Zot)
  A yellow wasp (Zot)
  4 ogres (Zot)
  2 centaurs (Zot)
  Sigmund (Zot)
  Duvessa (Zot)
  6 big kobolds (Zot)
  A gnoll sergeant (Zot)
  9 giant frogs (Zot)
  A goliath beetle (Zot)
  A quasit (Zot)
  A crimson imp (Zot)
  2 killer bees (Zot)
  A giant frog zombie (Zot)
  3 orc priests (Zot)
  2 jellies (Zot)
  4 hounds (Zot)
  4 iguanas (Zot)
  2 worker ants (Zot)
  Ijyb (Zot)
  10 adders (Zot)
  2 gnolls (Zot)
  3 green rats (Zot)
  An orc skeleton (Zot)
  A giant mite (Zot)
  A giant gecko (Zot)
  4 oozes (Zot)
  3 orcs (Zot)
  A giant cockroach (Zot)
  11 goblins (Zot)
  7 hobgoblins (Zot)
  9 jackals (Zot)
  8 kobolds (Zot)
  6 ball pythons (Zot)
  6 bats (Zot)
  A giant newt (Zot)
  7 rats (Zot)
  5 fungi (Zot)
  4 plants (Zot)
217 creatures vanquished.

Vanquished Creatures (others)
  An acid blob (Zot)
  An oklob plant (Zot)
  An ugly thing (Zot)
  17 ice beasts (Zot)
  An ogre (Zot)
  2 giant frogs (Zot)
  8 jellies (Zot)
  A hound (Zot)
  A giant frog skeleton (Zot)
  2 gnolls (Zot)
  An adder (Zot)
  An orc (Zot)
  A goblin (Zot)
  2 hobgoblins (Zot)
  A jackal (Zot)
  A kobold (Zot)
  2 rats (Zot)
  3 fungi (Zot)
  2 plants (Zot)
49 creatures vanquished.

Grand Total: 313 creatures vanquished

Notes
Turn   | Place    | Note
--------------------------------------------------------------
     0 | Zot      | Deathtrap2010, the Troll Fighter, began the quest for the Orb.
     0 | Zot      | Reached XP level 1. HP: 22/22 MP: 1/1
   215 | Zot      | Reached XP level 2. HP: 29/29 MP: 1/1
   316 | Zot      | Reached skill level 3 in Dodging
   318 | Zot      | Reached XP level 3. HP: 36/36 MP: 2/2
   407 | Zot      | Reached XP level 4. HP: 42/45 MP: 2/2
   533 | Zot      | Reached XP level 5. HP: 53/53 MP: 2/2
   602 | Zot      | Reached skill level 4 in Dodging
   641 | Zot      | Noticed Guipuyz
   652 | Zot      | Killed Guipuyz the black bear
   652 | Zot      | Reached skill level 1 in Throwing
   652 | Zot      | Reached XP level 6. HP: 40/62 MP: 3/3
   728 | Zot      | Noticed Shruneoth
   745 | Zot      | Killed Shruneoth the hell hound
   745 | Zot      | Reached skill level 5 in Dodging
   745 | Zot      | Reached XP level 7. HP: 37/55 MP: 3/3
   937 | Zot      | Reached skill level 6 in Dodging
   949 | Zot      | Reached XP level 8. HP: 63/63 MP: 3/3
  1042 | Zot      | Noticed Edmund
  1052 | Zot      | Killed Edmund
  1142 | Zot      | Reached skill level 5 in Unarmed Combat
  1145 | Zot      | Noticed Sigmund
  1154 | Zot      | Killed Sigmund
  1205 | Zot      | Reached skill level 7 in Dodging
  1322 | Zot      | Reached XP level 9. HP: 73/73 MP: 4/4
  1327 | Zot      | Reached skill level 5 in Fighting
  1347 | Zot      | Noticed Brandogh
  1357 | Zot      | Killed Brandogh the orc knight
  1357 | Zot      | Reached skill level 8 in Dodging
  1445 | Zot      | Noticed Duvessa
  1450 | Zot      | Killed Duvessa
  1598 | Zot      | Reached skill level 9 in Dodging
  1625 | Zot      | Reached XP level 10. HP: 84/84 MP: 4/4
  1632 | Zot      | Noticed Prince Ribbit
  1641 | Zot      | Killed Prince Ribbit
  1699 | Zot      | Noticed a guardian serpent
  1702 | Zot      | Noticed a ghost crab
  1702 | Zot      | a guardian serpent changed into a ghost crab
  1702 | Zot      | Killed a ghost crab
  1716 | Zot      | Noticed a wolf spider
  1722 | Zot      | Killed a wolf spider
  1729 | Zot      | Reached skill level 10 in Dodging
  1906 | Zot      | Reached XP level 11. HP: 93/93 MP: 4/4
  2147 | Zot      | Noticed Ijyb
  2148 | Zot      | Killed Ijyb
  2191 | Zot      | Reached skill level 11 in Dodging
  2201 | Zot      | Noticed a hill giant
  2204 | Zot      | Noticed a hill giant
  2204 | Zot      | Killed a hill giant
  2207 | Zot      | Killed a hill giant
  2234 | Zot      | Reached skill level 5 in Throwing
  2310 | Zot      | Noticed a white very ugly thing
  2315 | Zot      | Noticed a white very ugly thing
  2317 | Zot      | Killed a white very ugly thing
  2317 | Zot      | Reached XP level 12. HP: 105/105 MP: 5/5
  2319 | Zot      | Reached skill level 12 in Dodging
  2329 | Zot      | Killed a white very ugly thing
  2434 | Zot      | Became a worshipper of Jiyva Jirghugeg the Shapeless
  2452 | Zot      | Acquired Jiyva's first power
  2464 | Zot      | Acquired Jiyva's second power
  2479 | Zot      | Gained mutation: You are surrounded by a mild repulsion field (EV +2). [Jiyva's grace]
  2483 | Zot      | Acquired Jiyva's third power
  2484 | Zot      | Lost mutation: You are surrounded by a mild repulsion field (EV +2). [Jiyva's grace]
  2485 | Zot      | Acquired Jiyva's fourth power
  2498 | Zot      | Noticed a green very ugly thing
  2510 | Zot      | Noticed an acid blob
  2510 | Zot      | a green very ugly thing changed into an acid blob
  2516 | Zot      | Killed an acid blob
  2516 | Zot      | Reached skill level 10 in Unarmed Combat
  2520 | Zot      | Reached skill level 13 in Dodging
  2522 | Zot      | Slain by an ogre

Action                   |  1- 3 |  4- 6 |  7- 9 | 10-12 || total
-------------------------+-------+-------+-------+-------++-------
Melee: Unarmed           |    39 |    69 |    14 |    19 ||   141
Throw: Stone             |       |     4 |       |       ||     4
Invok: Request Jelly     |       |       |       |     2 ||     2
       Jelly Paralyse    |       |       |       |     1 ||     1
       Slimify           |       |       |       |     1 ||     1
 Abil: Make oklob saplin |     1 |     1 |     2 |       ||     4
       Make plant        |       |     4 |     2 |       ||     6
       Make arrow trap   |       |     1 |     3 |     1 ||     5
       Make burning bush |       |     1 |     1 |       ||     2
       Make altar        |       |       |     3 |       ||     3
       Make oklob plant  |       |       |     4 |       ||     4
       Make spear trap   |       |       |       |    10 ||    10
       Make ice statue   |       |       |       |     4 ||     4
       Make mushroom cir |       |       |       |     2 ||     2
  Use: Potion            |     2 |     3 |     1 |       ||     6
 Stab: Distracted        |     1 |       |       |     1 ||     2
